AoeStats
← CalvaroLDS

Arena

510326442Analyzed
1v1 RM · 21h ago on Sep 30, 2026· 36m 53s· 2 players
Game mode
Random Map
Map size
Tiny (2 player)
Population
200
Speed
Normal
Resources
Standard
Victory
Conquest
Starting age
Dark Age
Ending age
Imperial Age
RankedLock teamsTeams togetherTeam positionsShared explorationLock speedFull tech treeHidden civsTurbo modeCheats
Victory
Defeat
🇹🇼 Celts · Taiwan
976
+17
🇲🇿 Bohemians · Mozambique
992
-17
ike790324
10:58 Feudal Age
15:05 Castle Age
13:13 Double-Bit Axe
14:32 Horse Collar
14:18 Man-at-Arms
17:47 Bow Saw
18:14 Arson
20:20 Gold Mining
21:31 Long Swordsman
23:17 Scale Mail Armor
29:28 Wheelbarrow
29:07 Husbandry
29:56 Light Cavalry
31:48 Gold Shaft Mining
31:08 Town Watch
31:34 Scale Barding Armor
31:19 Fletching
32:05 Heavy Plow
36:00 Imperial Age
35:53 Gambesons
37:04 Conscription
36:08 Capped Ram
36:15 Cavalier
37:21 Chain Barding Armor
37:11 Forging
CalvaroLDS
4:39 Loom
12:16 Feudal Age
16:10 Castle Age
14:02 Loom
14:37 Double-Bit Axe
29:56 Redemption
Connection lost

Rejoining the realm…

Still unreachable

The connection could not be restored.

Session expired

The server has moved on; the page needs a fresh start.